 Dungeon Crawl Stone Soup version 0.29.1 (webtiles) character file.

Game seed: 15473326244388034971

109 SensoryNuts the Sneak (level 4, -3/30 HPs)
             Began as an Octopode Brigand on Sept 14, 2022.
             Splashed by a jelly's acid (8 damage)
             ... on level 3 of the Dungeon.
             The game lasted 00:01:59 (2224 turns).

SensoryNuts the Sneak (Octopode Brigand)            Turns: 2224, Time: 00:02:00

Health: -3/30      AC: -7    Str: 10    XL:     4   Next: 90%
Magic:  4/4        EV: 13    Int: 13    God:
Gold:   104        SH:  5    Dex: 15    Spells: 3/3 levels left

rFire   . . .      SeeInvis .   a - +3 dagger
rCold   . . .      Faith    .   (no shield)
rNeg    . . .      Spirit   .   (helmet restricted)
rPois   .          Reflect  +   j - amulet of reflection
rElec   .          Harm     .   (no ring)
rCorr   .          Rampage  .   (no ring)
Will    .....                   (no ring)
Stlth   +++++.....              (no ring)
HPRegen 0.10/turn               (no ring)
MPRegen 0.09/turn               (no ring)
                                (no ring)
                                (no ring)

@: about to teleport, corroded
A: almost no armour, amphibious, 8 rings, camouflage 1, gelatinous body 1,
(nimble swimmer 1), tentacles
a: no special abilities


You were on level 3 of the Dungeon.
You visited 1 branch of the dungeon, and saw 3 of its levels.

You collected 104 gold pieces.

Inventory:

Hand Weapons
 a - a +3 dagger (weapon)
Missiles
 b - 14 poisoned darts (quivered)
 c - 3 curare-tipped darts
Jewellery
 j - an amulet of reflection (around mantle)
Scrolls
 h - 2 scrolls of teleportation
Potions
 f - a potion of resistance
 g - a potion of curing
 i - 3 potions of attraction
 k - a potion of haste
 m - a potion of magic {unknown}


   Skills:
 + Level 2.5 Fighting
 + Level 2.4 Short Blades
 + Level 2.0 Throwing
 + Level 1.4 Dodging
 * Level 7.5 Stealth


You had 3 spell levels left.
You didn't know any spells.
Your spell library contained the following spells:

 Spells                   Type           Power      Damage    Failure   Level
 Apportation              Tloc           0%         N/A       30%         1
 Necrotise                Necr           0%         1d4       30%         1
 Summon Small Mammal      Summ           0%         N/A       30%         1


Dungeon Overview and Level Annotations

Branches:
Dungeon (3/15)

Altars:


Innate Abilities, Weirdness & Mutations

You cannot wear most types of armour.
You are amphibious.
You can wear up to eight rings at the same time.
Your skin changes colour to match your surroundings (Stealth+).
Your rubbery body absorbs attacks. (AC +1, EV +1)
((You are camouflaged when in or above water. (Stealth+)))
You have tentacles for arms and can constrict up to eight enemies at once.


Message History

g - a potion of curing
As you read the scroll of identify, it crumbles to dust.
f - a potion of resistance
As you read the scroll of identify, it crumbles to dust.
k - a potion of haste
As you read the scroll labelled SEETOE UFRAU, it crumbles to dust.
You feel strangely unstable.
It was a scroll of teleportation.
As you read the scroll labelled LETARH DIPNUNY, it crumbles to dust.
It is a scroll of enchant weapon.
Your +2 dagger glows red for a moment.
Your surroundings suddenly seem different.
A jelly comes into view.
Found 8 stones, a scroll labelled ESHREBL ETHIOM, a quarterstaff and a helmet.
Found a stone staircase leading up.
A jelly is nearby!
A jelly is nearby!
A frilled lizard comes into view.
The jelly closely misses you.
You hit the jelly.
Your tentacles burn!
The jelly is moderately wounded.
The jelly hits you. The acid corrodes you!
You are splashed with acid!
You hit the jelly but do no damage.
Your tentacles burn!
The jelly is moderately wounded.
The jelly jiggles.
You block the jelly's attack.
You are too injured to fight recklessly!
You are too injured to fight recklessly!
You are too injured to fight recklessly!
You hit the jelly. The acid corrodes you!
Your tentacles burn!
* * * LOW HITPOINT WARNING * * *
You squeeze the jelly, but do no damage.
The jelly is moderately wounded.
The jelly barely misses you. The jelly attacks as you move away!
The jelly barely misses you. The jelly attacks as you move away!
The jelly closely misses you.
As you read the scroll of teleportation, it crumbles to dust.
You feel strangely unstable. The jelly hits you.
* * * LOW HITPOINT WARNING * * *
You are splashed with acid!
You die...

... . .... .. #
.... # ...##.
....l #.#
#.....######.....
#..
.....<...........
###
.......@....(....
##
.......J...?.....
....
....)#.......#.#.
.###
########...### #
.....# # ##.....
#...[.. #......#
#......#


You could see a jelly.

Vanquished Creatures
  Terence (D:3)
  2 adders (D:2)
  A worm (D:2)
  2 dart slugs (D:1)
  8 endoplasms
  A giant cockroach (D:1)
  5 goblins
  5 hobgoblins
  7 jackals (D:1)
  4 quokkas
  6 ball pythons
  2 bats (D:1)
  4 frilled lizards (D:1)
  4 kobolds
  4 rats (D:1)
56 creatures vanquished.

Notes
Turn   | Place    | Note
-------+----------+-------------------------------------------
     0 | D:1      | SensoryNuts the Octopode Brigand began the quest for the
                  | Orb.
     0 | D:1      | Reached XP level 1. HP: 14/14 MP: 1/1
   292 | D:1      | Reached XP level 2. HP: 19/19 MP: 2/2
   319 | D:1      | Reached skill level 6 in Stealth
   865 | D:1      | Reached XP level 3. HP: 24/24 MP: 3/3
  1048 | D:1      | Found a faded altar of an unknown god.
  1296 | D:2      | Reached XP level 4. HP: 23/30 MP: 4/4
  1299 | D:2      | Reached skill level 7 in Stealth
  2198 | D:3      | Noticed Terence
  2204 | D:3      | Killed Terence
  2224 | D:3      | Splashed by a jelly's acid

Illustrated notes

Levels and vault maps discovered:
D:1:      heliophobic_arrival_enchanted_forest, layout_basic,
          shapermc_ecumenical_altar_hornbeckon
D:2:      layout_basic, grunt_ministairs_6, chequers_serial_rivers_micro_d,
          minmay_misc_feat_five
D:3:      layout_basic, nicolae_hepliaklqana_hippocampus,
          nemelex_xobeh_ov_fountains_minmay, uniq_terence, uniq_natasha

Skill      XL: |  1  2  3  4 |
---------------+-------------+-----
Stealth        | 6 7 |  7.5
Fighting       | |  2.5
Short Blades   | |  2.4
Throwing       | |  2.0
Dodging        | |  1.4

Action                   |  1- 3 |  4- 6 || total
-------------------------+-------+-------++-------
Melee: Dagger            |    73 |    27 ||   100
       Constrict         |    20 |     5 ||    25
       Tentacles         |     8 |     7 ||    15
       Punch             |     1 |       ||     1
  Use: Scroll            |       |     8 ||     8
 Stab: Sleeping          |    12 |     4 ||    16
Armor: Skin              |     7 |       ||     7
Dodge: Dodged            |    55 |    16 ||    71
Block: Other             |       |     1 ||     1
